 Dungeon Crawl Stone Soup version 0.31-a0-152-g6aa68a64a1 (webtiles) character file.

Game seed: 11681481309346595403

189 qw the Shooter (level 5, -2/46 HPs)
             Began as a Minotaur Hunter on June 10, 2023.
             Slain by Pargi (5 damage)
             ... in a sewer.
             The game lasted 00:01:02 (2589 turns).

qw the Shooter (Minotaur Hunter)                    Turns: 2589, Time: 00:01:03

Health: -2/46      AC:  7    Str: 15 (16) XL:     5   Next: 40%
Magic:  4/4        EV: 11    Int:  5 (6)  God:
Gold:   226        SH:  0    Dex: 15      Spells: 4/4 levels left

rFire   . . .        Y - +0 shortbow
rCold   . . .        (shield currently unavailable)
rNeg    . . .        a - +0 ring mail
rPois   .            (helmet restricted)
rElec   .            d - +0 cloak
rCorr   .            g - +0 pair of gloves
SInv    .            (no boots)
Will    .....        (no amulet)
Stlth   +            (no ring)
HPRegen 0.27/turn    (no ring)
MPRegen 0.09/turn

%: no passive effects
@: no status effects
A: horns 2, retaliatory headbutt
a: no special abilities


You were in a sewer.
You visited 1 branch of the dungeon, and saw 4 of its levels.
You also visited: Sewer.

You collected 266 gold pieces.
You spent 40 gold pieces at shops.


Innate Abilities, Weirdness & Mutations

You have a pair of horns on your head.
You reflexively headbutt those who attack you in melee.


   Skills:
 - Level 4.0 Fighting
 + Level 6.5 Ranged Weapons
 - Level 1.7 Armour
 - Level 2.1 Dodging
 - Level 0.7 Stealth


You had 4 spell levels left.
You didn't know any spells.
Your spell library was empty.

Inventory:

Hand Weapons
 Y - a +0 shortbow (weapon)
Armour
 a - a +0 ring mail (worn)
 d - a +0 cloak (worn)
 g - a +0 pair of gloves (worn)
Potions
 b - a potion of enlightenment {unknown}
 c - a potion of brilliance {unknown}
 e - a potion of haste
 f - a potion of lignification {unknown}
 i - a potion of curing {unknown}
 j - a potion of invisibility {unknown}

Dungeon Overview and Level Annotations

Branches:
Dungeon (4/15)              Sewer (1/1)
 Temple: D:4-7

Altars:
Qazlal
Vehumet

Shops:
D:2 [

Annotations:
Sewer Pargi


Message History

Pargi bites you but does no damage. Pargi claws you but does no damage.
Pargi barely misses you.
You shoot an arrow. The arrow hits Pargi.
Pargi is heavily wounded.
Pargi closely misses you. Pargi claws you but does no damage. x2
You shoot an arrow. The arrow barely misses Pargi.
Pargi bites you. Pargi barely misses you. Pargi closely misses you.
You shoot an arrow. The arrow hits Pargi!
Pargi is severely wounded.
Pargi bites you. Pargi claws you but does no damage. Pargi claws you.
You shoot an arrow. The arrow barely misses Pargi.
Pargi bites you. Pargi claws you. Pargi claws you but does no damage.
You shoot an arrow. The arrow hits Pargi.
Pargi is severely wounded.
Pargi completely misses you. Pargi barely misses you.
Pargi claws you but does no damage. Pargi bites you but does no damage.
Pargi claws you but does no damage. x2
You shoot an arrow.
The arrow hits Pargi but does no damage.
Pargi is heavily wounded.
Pargi bites you. Pargi claws you but does no damage. Pargi barely misses you.
You shoot an arrow. The arrow barely misses Pargi.
Pargi bites you. Pargi claws you. Pargi claws you but does no damage.
You shoot an arrow. The arrow hits Pargi.
Pargi is severely wounded.
Pargi bites you. Pargi barely misses you. Pargi misses you.
You shoot an arrow. The arrow barely misses Pargi.
Pargi bites you. Pargi claws you but does no damage. Pargi closely misses you.
You shoot an arrow. The arrow hits Pargi!
Pargi is severely wounded.
Pargi barely misses you. x2; Pargi claws you but does no damage.
You shoot an arrow. The arrow hits Pargi.
Pargi is severely wounded.
Pargi bites you but does no damage. Pargi barely misses you. x2
You shoot an arrow. The arrow hits Pargi.
Pargi is almost dead.
Pargi bites you. Pargi closely misses you. Pargi barely misses you.
Pargi hisses menacingly.
Pargi bites you.
You die...

###~#~####~##
~#~~~~~~#~~~~####
~~~~~~~~~~~~~~~~
~~~~~~~~~~~~~~~###
~~~~~~~~~~~~~~~~~##
~~~~~~~~~~~~~~~~~~###
~~~~~~~~~~~~~~~~~~~~#
~~~~~~.T@~~~~~~~~~~~#
~~~~..#..~.~~~~~~~~~##
~~.## ###.#~~~~~~~~~~#
~ ###~~~~~~~~~~##
####~~~~~~~~##
#..~~~~~~~#
##..~~~~~~# ##~~~~~~#
##.~~~~~##


You could see Pargi.

Vanquished Creatures
  Natasha (thrice) (D:2)
  5 adders
  3 worms
  A dart slug (D:2)
  4 ball pythons
  3 endoplasms
  2 giant cockroaches
  5 hobgoblins
  6 jackals
  A quokka (D:2)
  4 bats
  8 frilled lizards
  6 goblins
  9 kobolds
  3 rats
63 creatures vanquished.

Notes
Turn   | Place    | Note
-------+----------+-------------------------------------------
     0 | D:1      | qw the Minotaur Hunter began the quest for the Orb.
     0 | D:1      | Reached XP level 1. HP: 18/18 MP: 0/0
     0 | D:1      | 0 ||| qw: Version: 0.2-a-122-gbc61b45
     0 | D:1      | 0 ||| qw: Game counter: 3559
     0 | D:1      | 0 ||| qw: Always use a shield: true
     0 | D:1      | 0 ||| qw: God list: Okawaru
     0 | D:1      | 0 ||| qw: Allow faded altars: false
     0 | D:1      | 0 ||| qw: Do Orc after D:15 true
     0 | D:1      | 0 ||| qw: Do second Lair branch before Depths: true
     0 | D:1      | 0 ||| qw: Lair rune preference: random
     0 | D:1      | 0 ||| qw: Plans: Normal
     0 | D:1      | 0 ||| PLANNING D:1-11
   146 | D:1      | 146 ||| FLEEEEING.
   147 | D:1      | 147 ||| FLEEEEING.
   148 | D:1      | 148 ||| FLEEEEING.
   149 | D:1      | 149 ||| FLEEEEING.
   150 | D:1      | 150 ||| FLEEEEING.
   151 | D:1      | 151 ||| FLEEEEING.
   182 | D:1      | Reached XP level 2. HP: 25/25 MP: 1/1
   273 | D:1      | Reached skill level 5 in Ranged Weapons
   364 | D:1      | 364 ||| Stepping ~*~*~tactically~*~*~ (outnumbered).
   381 | D:1      | 381 ||| FLEEEEING.
   910 | D:1      | 910 ||| UPGRADING to +0 pair of gloves.
   915 | D:1      | 915 ||| READING scroll labelled JEAQOGUOBISOASS.
   916 | D:1      | 916 ||| READING 3 scrolls labelled MOC FIBBEGANE.
   917 | D:1      | 917 ||| READING scroll labelled SAWUIHOAPN.
   918 | D:1      | 918 ||| DRINKING 2 viscous blue potions.
   919 | D:1      | 919 ||| DROPPING scroll of butterflies.
   920 | D:1      | 920 ||| DROPPING potion of degeneration.
   921 | D:1      | 921 ||| DROPPING 2 scrolls of noise.
   932 | D:2      | Found Gaup's Armour Boutique.
   951 | D:2      | 951 ||| BUYING +0 ring mail (40 gold).
   951 | D:2      | Bought a +0 ring mail for 40 gold pieces
   951 | D:2      | 951 ||| SHOPLISTING +2 hat (160 gold, have 32).
   959 | D:2      | Found a faded altar of an unknown god.
   964 | D:2      | Reached skill level 3 in Fighting
   984 | D:2      | HP: 6/26 [worm (1)]
   996 | D:2      | Reached XP level 3. HP: 11/31 MP: 2/2
  1538 | D:2      | Noticed Natasha
  1541 | D:2      | Killed Natasha
  1542 | D:2      | Reached skill level 6 in Ranged Weapons
  1542 | D:2      | Reached XP level 4. HP: 38/38 MP: 3/3
  1601 | D:2      | 1601 ||| UPGRADING to +0 ring mail.
  1611 | D:2      | 1611 ||| DROPPING +0 leather armour.
  1612 | D:2      | 1612 ||| UPGRADING to +0 cloak.
  1617 | D:2      | 1617 ||| READING scroll labelled VATOFE ZAPIPRU.
  1637 | D:2      | Noticed Natasha
  1638 | D:2      | 1638 ||| FLEEEEING.
  1639 | D:2      | 1639 ||| FLEEEEING.
  1640 | D:2      | 1640 ||| FLEEEEING.
  1642 | D:2      | 1642 ||| STAIRDANCE
  1744 | D:1      | 1744 ||| READING scroll labelled QIRCHI WYUSUNN.
  1782 | D:2      | Killed Natasha
  1783 | D:2      | Reached skill level 1 in Armour
  1793 | D:2      | Noticed Natasha
  1801 | D:2      | Killed Natasha
  1859 | D:3      | Found a radiant altar of Vehumet.
  1962 | D:3      | Reached XP level 5. HP: 46/46 MP: 4/4
  2260 | D:3      | Found a faded altar of an unknown god.
  2265 | D:3      | Found a stormy altar of Qazlal.
  2310 | D:3      | 2310 ||| READING scroll labelled HEBEMEITS IDWAMA.
  2311 | D:3      | 2311 ||| READING scroll labelled CUNGUD KACW.
  2339 | D:4      | 2339 ||| PLANNING SEWER
  2530 | D:4      | Found a glowing drain.
  2531 | D:4      | 2531 ||| DRINKING 2 silvery potions.
  2535 | D:4      | 2535 ||| Stepping ~*~*~tactically~*~*~ (water).
  2545 | Sewer    | Entered a sewer
  2564 | Sewer    | Noticed Pargi
  2565 | Sewer    | 2565 ||| Stepping ~*~*~tactically~*~*~ (water).
  2585 | Sewer    | HP: 10/46 [Pargi (4)]
  2589 | Sewer    | HP: 3/46 [Pargi (6)]
  2589 | Sewer    | Slain by Pargi

Levels and vault maps discovered:
D:1:      dpeg_arrival_radiant, layout_basic, st_stairs_12
D:2:      layout_rooms, serial_shops, shop,
          shapermc_ecumenical_altar_starsandcircs, uniq_natasha
D:3:      kb_forest_paths, layout_rooms, fiery_altar_vehumet,
          cheibrodos_ashenzari_chains, nicolae_overflow_ecumenical_swirl,
          uniq_crazy_yiuf_cottage
D:4:      layout_gridville, bloody_trog, cheibrodos_sewer_entry_bend
Sewer:    sewer_co_pargi_island

Skill      XL: |  1  2  3  4  5 |
---------------+----------------+-----
Ranged Weapons | 5 6 |  6.5
Fighting       | 3 4 |  4.0
Armour         | 1 |  1.7
Dodging        | |  2.1
Stealth        | |  0.7

Action                     |  1- 3 |  4- 6 || total
---------------------------+-------+-------++-------
   Fire: Shortbow          |   116 |   112 ||   228
    Use: Scroll            |     3 |     4 ||     7
         Potion            |     1 |     1 ||     2
 Armour: Leather armour    |    11 |       ||    11
         Ring mail         |       |    38 ||    38
  Dodge: Dodged            |    32 |    45 ||    77

Table legend:
 A = Non-vault XP
 B = Vault XP
 C = Vault XP percentage of total XP
 D = Non-vault monster count
 E = Vault monster count
 F = Vault count percentage of total count
                 A         B        C        D         E       F
            +---------+---------+-------+---------+---------+-------
      Total |     215 |      55 |  20.4 |      50 |      13 |  20.6
            +---------+---------+-------+---------+---------+-------
        D:1 |      24 |       3 |  11.1 |      16 |       2 |  11.1
        D:2 |     123 |      35 |  22.2 |      17 |       1 |   5.6
        D:3 |      31 |       9 |  22.5 |      11 |       6 |  35.3
        D:4 |      37 |       5 |  11.9 |       6 |       1 |  14.3
      Sewer |       0 |       3 | 100.0 |       0 |       3 | 100.0
            +---------+---------+-------+---------+---------+-------
